 Dungeon Crawl Stone Soup version 0.28-a0-1087-gf3fc490d9d (webtiles) character file.

Game seed: 6654245736149051953

5 siradein the Covered (level 1, 18/19 HPs)
             Began as a Barachi Fighter on Dec 10, 2021.
             Quit the game on level 1 of the Dungeon.
             The game lasted 00:00:25 (501 turns).

siradein the Covered (Barachi Fighter)               Turns: 501, Time: 00:00:26

Health: 18/19      AC:  7    Str: 17    XL:     1   Next: 80%
Magic:  1/1        EV:  9    Int:  8    God:
Gold:   40         SH:  4    Dex: 11    Spells: 0/0 levels left

rFire   . . .      SeeInvis .   a - +0 flail
rCold   . . .      Faith    .   c - +0 buckler
rNeg    . . .      Spirit   .   b - +0 scale mail
rPois   .          Reflect  .   (no helmet)
rElec   .          Harm     .   (no cloak)
rCorr   .          Rampage  .   (no gloves)
Will    .....                   (no boots)
Stlth   ..........              (no amulet)
HPRegen 0.06/turn               (no ring)
MPRegen 0.07/turn               (no ring)

@: slow
A: amphibious, slowness 1, strong legs 1, +LOS
a: Hop


You were on level 1 of the Dungeon.
You visited 1 branch of the dungeon, and saw 1 of its levels.

You collected 40 gold pieces.

Inventory:

Hand Weapons
 a - a +0 flail (weapon)
Armour
 b - a +0 scale mail (worn)
 c - a +0 buckler (worn)
Scrolls
 e - a scroll of identify {unknown}
 f - a scroll of vulnerability {unknown}
Potions
 d - 2 potions of might


   Skills:
 + Level 3.7 Fighting
 + Level 2.3 Maces & Flails
 + Level 3.7 Armour
 + Level 3.4 Shields


You couldn't memorise any spells.
You didn't know any spells.
Your spell library was empty.

Dungeon Overview and Level Annotations

Branches:
Dungeon (1/15)

Altars:


Innate Abilities, Weirdness & Mutations

You are amphibious.
You cover ground slowly.
You can hop short distances.
You have an extended range of vision and can be seen from far away.


Message History

The frilled lizard bites you but does no damage.
You hit the frilled lizard.
You kill the frilled lizard!
The kobold hits you but does no damage. The kobold closely misses you.
Your scale mail prevents you from hitting the kobold.
The kobold hits you with a +0 short sword.
You miss the kobold. The kobold hits you but does no damage.
You hit the kobold.
You kill the kobold!
No target in view!
No target in view!
Key pressed, stopping explore.
Things that are here:
a +0 short sword; a stone
Found 5 boomerangs.
Found a stone staircase leading down.
There is a stone staircase leading down here.
d - 2 potions of might (gained 1)
You now have 12 gold pieces.
You now have 29 gold pieces (gained 17).
You now have 40 gold pieces (gained 11).
A bat comes into view.
Found a ring mail.
The bat hits you but does no damage. The bat closely misses you.
The bat closely misses you. The bat misses you.
You barely miss the bat. The bat hits you but does no damage.
You barely miss the bat. The bat barely misses you. The bat barely misses you.
The bat hits you but does no damage. The bat hits you.
The bat hits you but does no damage.
You closely miss the bat. The bat hits you but does no damage.
The bat barely misses you. The bat closely misses you.
You closely miss the bat. You block the bat's attack.
You block the bat's attack. You block the bat's attack.
The bat closely misses you. You block the bat's attack.
You hit the bat but do no damage. The bat closely misses you.
No target in view!
Are you sure you want to abandon this character and quit the game? (Confirm with "yes".)

.## .# ###.####### ###
##.###.#####.###### ...
.................#
#.###.##..#####.####....
#.[#..##..#.......# #
#...#.....#..##.#.#
#.....##.##..##.#.#
##.##.##.##..#..#.#
#.....@.##..#.##.#
####.#####.......# #
###.....# ##......# .
..#.....# ###.####
.####.#.....# ####.####
..##.#.....# #.......# #
#.##.#.....# #.##>##.#
#.##.#...###### # #..#.#
#......#.### ##.#.#


There were no monsters in sight!

Vanquished Creatures
  2 hobgoblins (D:1)
  A ball python (D:1)
  A frilled lizard (D:1)
  A kobold (D:1)
  A rat (D:1)
6 creatures vanquished.

Notes
Turn   | Place    | Note
-------+----------+-------------------------------------------
     0 | D:1      | siradein the Barachi Fighter began the quest for the Orb.
     0 | D:1      | Reached XP level 1. HP: 18/18 MP: 1/1
   501 | D:1      | Quit the game

Illustrated notes

Levels and vault maps discovered:
D:1:      psy_arrival_radial01, layout_loops_cross

Action                   || total
-------------------------++-------
Melee: Flail             ||    23
Armor: Scale mail        ||    12
Dodge: Dodged            ||    16
Block: Buckler           ||     5

Table legend: (Time is in decaauts)
 A = Elapsed time spent in this place.
 B = Non-inter-level travel time spent in this place.
 C = Inter-level travel time spent in this place.
 D = Time resting spent in this place.
 E = Time spent auto-exploring this place.
 F = Levels seen in this place.
 G = Mean time per level.
                   A        B        C        D        E       F      G
               +--------+--------+--------+--------+--------+-----+--------+
         Total |    547 |    547 |      0 |      0 |    479 |   1 |  547.0 |
       Dungeon |    547 |    547 |      0 |      0 |    479 |   1 |  547.0 |
               +--------+--------+--------+--------+--------+-----+--------+

Top non-repeatable levels by time:
     D:1: 547 daAuts
